 Dungeon Crawl Stone Soup version 0.27.1-1-g398f81649c (webtiles) character file.

Game seed: 3891378415797317850

400 diana the Ducker (level 7, -1/50 HPs)
             Began as a Djinni Gladiator on Sept 19, 2021.
             Killed by divine providence
             ... invoked by an orc priest
              (14 damage)
             ... on level 3 of the Dungeon.
             The game lasted 00:07:28 (3857 turns).

diana the Ducker (Djinni Gladiator)                 Turns: 3857, Time: 00:07:28

Health: -1/50      AC:  8    Str: 14    XL:     7   Next: 10%
Gold:   89         EV: 13    Int: 11    God:
                   SH:  0    Dex: 14

rFire    + + .     SeeInvis .   a - +0 rapier
rCold    x . .     Faith    .   (no shield)
rNeg     . . .     Spirit   .   b - +0 leather armour
rPois    ∞         Reflect  .   c - +0 helmet
rElec    .         Harm     .   (no cloak)
rCorr    .         Rampage  .   (no gloves)
Will     .....                  (boots unavailable)
Stlth    +.........             (no amulet)
HPRegen  0.16/turn              g - +4 ring of protection
MPRegen  0.00/turn              (no ring)

@: flying
A: sickness immunity, fire resistance 2, cold vulnerability 1, float, innate
caster, hp casting, extra vitality 1
a: no special abilities


You were on level 3 of the Dungeon.
You visited 1 branch of the dungeon, and saw 4 of its levels.

You collected 89 gold pieces.

Inventory:

Hand Weapons
 a - a +0 rapier (weapon)
Missiles
 d - 3 throwing nets (quivered)
Armour
 b - a +0 leather armour (worn)
 c - a +0 helmet (worn)
Jewellery
 g - a +4 ring of protection (left hand)
Scrolls
 e - a scroll of vulnerability {unknown}
 f - 3 scrolls of identify {unknown}
 i - 2 scrolls of teleportation {unknown}
 m - a scroll of enchant weapon {unknown}
 n - a scroll of noise {unknown}
 o - a scroll of immolation {unknown}
Potions
 h - a potion of berserk rage {unknown}
 j - a potion of resistance {unknown}
 k - a potion of haste {unknown}
 l - a potion of magic {unknown}


   Skills:
 + Level 3.6 Fighting
 + Level 3.8 Short Blades
 - Level 1.5 Throwing
 + Level 2.8 Armour
 + Level 4.7 Dodging
 + Level 1.7 Spellcasting


You had 3 spell levels left.
You knew the following spells:

 Your Spells              Type           Power      Damage    Failure   Level
a - Magic Dart            Conj           16%        1d3       19%         1
b - Corpse Rot            Necr/Air       N/A        N/A       26%         2
c - Stone Arrow           Conj/Erth      8%         3d7       47%         3
Your spell library was empty.

Dungeon Overview and Level Annotations

Branches:
Dungeon (4/15)
 Temple: D:4-7

Altars:

Shops:
D:4 (

Annotations:
D:4 3 runed translucent doors, Borgon's ghost, amateur HOFi


Innate Abilities, Weirdness & Mutations

You are immune to sickness and miasma.
You are immune to poison.
Your flesh is very heat resistant. (rF++)
You are vulnerable to cold. (rC-)
You float through the air rather than walking.
You learn spells naturally, not from books.
Your magical power is your life essence.
You have superior vitality. (+4 HP)


Message History

You closely miss the adder.
The adder is lightly wounded.
The adder bites you but does no damage. The adder bites you.
* * * LOW HITPOINT WARNING * * *
You hit the adder.
The adder is heavily wounded.
The adder bites you but does no damage.
You hit the adder.
You kill the adder!
Casting: Magic Dart (safe; 19% risk of failure)
Confirm with . or Enter, or press ? or * to list all spells.
You miscast Corpse Rot.
You are very lightly contaminated with residual magic.
Nothing appears to happen.
* * * LOW HITPOINT WARNING * * *
The ogre closely misses you.
Casting: Corpse Rot (dangerous; 26% risk of failure)
Confirm with . or Enter, or press ? or * to list all spells.
You miscast Corpse Rot.
Nothing appears to happen.
* * * LOW HITPOINT WARNING * * *
The ogre closely misses you.
Unknown command.
Casting: Corpse Rot (dangerous; 26% risk of failure)
Confirm with . or Enter, or press ? or * to list all spells.
You smell decay.
* * * LOW HITPOINT WARNING * * *
The ogre barely misses you.
Unknown command.
The ogre completely misses you.
There is a stone staircase leading up here.
You fly upwards.
There is a stone staircase leading down here.
An orc is nearby!
Unknown command.
The orc shouts!
You hear a shout!
Your magical contamination has completely faded away.
The orc priest shouts!
The orc priest calls down the wrath of Beogh upon you.
Beogh smites you!
You die...

##.###.##..........##.....# #.
##.#.##.##...##.###.##.##..###.
##.###.#.##.#.##.# #.#...#......
##.## ##..........###.o.....##<.#
..## ##.##.#.###.o>.......###.#
.#.## ##..##o#.# #.##..o...####.#
.##.###.####.#.# #.#..#...####...
.....#.## #.#.###..#..........#.
#.###.## #....@..###.#######...
#)##########.#.......##.#######.#
#...........<#####.#............#
############## ##.#.###########
##.## ###


You could see an orc priest.

Vanquished Creatures
  Edmund (D:4)
  An orc priest (D:3)
  A hound (D:4)
  A centaur skeleton (D:4)
  2 orc wizards (D:3)
  3 gnolls (D:3)
  4 adders
  An adder skeleton (D:2)
  A worm (D:3)
  2 dart slugs
  5 orcs (D:3)
  7 ball pythons
  An endoplasm (D:3)
  2 giant cockroaches
  6 hobgoblins
  6 jackals
  5 quokkas
  3 bats
  5 frilled lizards
  2 goblins
  7 kobolds
  5 rats
71 creatures vanquished.

Vanquished Creatures (others)
  5 plants (D:4)
5 creatures vanquished.

Grand Total: 76 creatures vanquished

Notes
Turn   | Place    | Note
-------+----------+-------------------------------------------
     0 | D:1      | diana the Djinni Gladiator began the quest for the Orb.
     0 | D:1      | Reached XP level 1. HP: 18/18 MP: 0/0
   388 | D:1      | Reached XP level 2. HP: 23/23 MP: 0/0
   894 | D:1      | Reached XP level 3. HP: 29/29 MP: 0/0
   894 | D:1      | Learned a level 1 spell: Magic Dart
   990 | D:2      | Reached skill level 1 in Armour
  1285 | D:2      | Reached XP level 4. HP: 31/34 MP: 0/0
  2043 | D:3      | Reached skill level 4 in Dodging
  2056 | D:3      | Reached XP level 5. HP: 40/40 MP: 0/0
  2056 | D:3      | Learned a level 2 spell: Corpse Rot
  2319 | D:3      | Reached skill level 1 in Spellcasting
  2933 | D:3      | Reached XP level 6. HP: 44/46 MP: 0/0
  3079 | D:3      | Found a faded altar of an unknown god.
  3398 | D:4      | Found Yfretz's Antique Weapon Emporium.
  3650 | D:4      | Noticed Edmund
  3722 | D:4      | Killed Edmund
  3723 | D:4      | Reached XP level 7. HP: 8/50 MP: 0/0
  3723 | D:4      | Learned a level 3 spell: Stone Arrow
  3796 | D:4      | Found a runed translucent gate.
  3796 | D:4      | Found a runed translucent gate.
  3796 | D:4      | Found a runed translucent gate.
  3799 | D:4      | Noticed Borgon's ghost (amateur HOFi)
  3857 | D:3      | Killed from afar by an orc priest

Illustrated notes

Levels and vault maps discovered:
D:1:      lightli_arrival_maybe_door_vault, layout_basic
D:2:      layout_loops_ring
D:3:      layout_loops_ring, shapermc_ecumenical_altar_totnotflames
D:4:      layout_rooms, nicolae_ru_path_of_blood, lemuel_tele_altar,
          serial_shops, nicolae_inconvenience_store, biasface_ghost_orc_armoury,
          portal_sewer_entry_e, serial_bayou_crossing, uniq_robin, uniq_sigmund,
          uniq_pikel, uniq_edmund

Skill      XL: |  1  2  3  4  5 |
---------------+----------------+-----
Armour         | 1 2 |  2.8
Short Blades   | 3 |  3.8
Dodging        | 4 |  4.7
Fighting       | 3 |  3.6
Spellcasting   | 1 |  1.7
Throwing       | |  1.5

Action                   |  1- 3 |  4- 6 |  7- 9 || total
-------------------------+-------+-------+-------++-------
Melee: Rapier            |   123 |   185 |     8 ||   316
 Cast: Corpse Rot        |       |     3 |     1 ||     4
       Magic Dart        |       |     7 |       ||     7
 Stab: Sleeping          |       |     1 |       ||     1
Armor: Leather armour    |    41 |    42 |    11 ||    94
Dodge: Dodged            |    91 |   109 |    11 ||   211
